[Event "ChessKid Cup Div-III 2023"]
[Site "Online"]
[Date "2023.05.23"]
[Round "52.2"]
[White "Bachmann, Axel"]
[Black "Yu, Yangyi"]
[Result "0-1"]
[ECO "C24"]
[WhiteElo "2604"]
[BlackElo "2729"]
[Annotator "TA"]
[PlyCount "110"]
[EventDate "2023.05.21"]
[EventType "k.o."]
[EventCountry "NET"]
[SourceTitle "playchess.com"]
[Source "ChessBase"]
[SourceQuality "1"]
[TimeControl "900+3"]

1. e4 e5 2. Bc4 Nf6 3. d3 c6 4. Nf3 d5 5. Bb3 Bb4+ 6. Bd2 {[%emt 0:00:01] C24: Bishop's Opening: 2...Nf6.} Bd6 7. Nc3 Be6 $5 {[%emt 0:00:25][%mdl 4] A promising side line.} (7... d4 $5 8. Ne2 O-O $11) 8. Bg5 {[%emt 0:01:40] White has an edge.} Qa5 9. Bxf6 gxf6 10. O-O $1 Nd7 {[%emt 0:00:07] [#]} 11. d4 $146 ({Predecessor:} 11. Nh4 h5 12. exd5 cxd5 13. Qf3 d4 14. Ne4 Be7 15. Nf5 Bxb3 16. Ned6+ Bxd6 17. Nxd6+ Ke7 18. axb3 {1-0 Goutali,T (2225)-Carvalho,G (2249) Olympiad-38 Dresden 2008 (10)}) 11... Bb4 12. exd5 cxd5 13. dxe5 $1 Bxc3 14. bxc3 fxe5 15. Ng5 O-O-O {[%emt 0:00:06] [#]} 16. c4 $1 d4 (16... dxc4 17. Nxe6) 17. c5 h6 (17... Qxc5 $2 18. Bxe6 (18. Nxf7 Bxf7 19. Bxf7 Kb8 $15) (18. Nxe6 fxe6 19. Bxe6 Kb8 $11) 18... fxe6 19. Nxe6 $18) (17... Rhg8 $1 $14 18. Nxe6 (18. Nxf7 Bxf7 19. Bxf7 Rg7 $11) 18... fxe6) 18. Nxe6 $16 fxe6 19. c6 (19. Bxe6 Qxc5 20. Qh5 Qd6 21. Bxd7+ Rxd7 $14) 19... Nc5 20. cxb7+ $1 Kb8 21. Qh5 Qc7 22. f3 Rdg8 23. Rae1 (23. Bc4 $16) 23... Rg5 $14 24. Qh4 ({Better is} 24. Qh3 $16) 24... Rhg8 $11 25. Re2 (25. Qxh6 $2 Rxg2+ 26. Kh1 d3 $19) 25... Qg7 26. Rff2 (26. g3 $14 {stays ahead.}) 26... Qf6 {[%emt 0:00:05] Some like it hot} (26... Qxb7 27. f4 R5g7 28. Qf6 $16) (26... Kxb7 27. Qh3 $14) (26... e4 $1 $17 {[%cal Re4e3] And now ...e3 would win.} 27. fxe4 d3 28. cxd3 Nxd3) 27. Kh1 {[%emt 0:00:31] [#]} (27. Kf1 $11) 27... Qg6 (27... Kxb7 28. Rf1 $14) (27... e4 $1 $17 {[%cal Re4f3] Hoping for ...exf3.} 28. Re1 (28. fxe4 Rxg2 {[%mdl 64] Discovered Attack} 29. h3 Rg1+ 30. Kh2 Qxh4) 28... e3) 28. f4 (28. g3 $1 $14) 28... Qh5 $2 (28... Rh5 $1 $15 {keeps the upper hand.} 29. f5 Rxf5) 29. Qxh5 $16 Rxh5 30. fxe5 Rgg5 31. Rd2 (31. Bc4 {simplifies} Kxb7 32. Kg1 Rxe5 33. Rf4) 31... Rxe5 32. g4 (32. Rxd4 $2 {gets mated.} Re1+) 32... Rhg5 ({Black should play} 32... Rh4 $14) 33. Rxd4 Kxb7 34. h3 h5 35. Kh2 hxg4 36. Rxg4 Rh5 37. Bc4 Re3 38. Bf1 Ra3 39. Rb4+ (39. Bg2+ $14 Ka6 40. c4) 39... Kc7 $11 40. c4 Nd3 {[%emt 0:00:30] [#]} (40... e5 $11) 41. Rf7+ (41. Rb3 $1 $16 Rxb3 42. Rf7+ Kb6 43. axb3) 41... Kd6 42. Rbb7 Rxa2+ 43. Kg3 Nc5 {[%emt 0:00:11] Repels Rfd7+} (43... Ne5 {is interesting.} 44. Rg7 Rf5 45. Bg2 a5) 44. Rxa7 Rb2 45. Kg4 Rh8 46. Ra3 Rg8+ 47. Kh5 Rg1 48. h4 $2 (48. Kh6 $11) 48... Rb8 $19 49. Kh6 ({Of course not} 49. Bd3 Rg3 50. Kh6 Rh8+ 51. Rh7 Rxh7+ 52. Kxh7 e5) 49... Rh8+ {[%emt 0:00:05][%mdl 64] Skewer} 50. Rh7 Rxh7+ 51. Kxh7 Rxf1 52. Rh3 (52. Kg6 $142 Rg1+ 53. Kf6) 52... Rg1 53. h5 Ne4 {[%emt 0:00:02] ( -> ...Ng5+)} 54. Kh8 Nf6 55. c5+ Kc6 {[%emt 0:00:05] Weighted Error Value: White=0.54/Black=0.23 (precise)} 0-1

[Event "ChessKid Cup Div-III 2023"]
[Site "Online"]
[Date "2023.05.23"]
[Round "52.2"]
[White "Vaibhav, Suri"]
[Black "Bok, Benjamin"]
[Result "0-1"]
[ECO "C50"]
[WhiteElo "2595"]
[BlackElo "2607"]
[Annotator "TA"]
[PlyCount "88"]
[EventDate "2023.05.21"]
[EventType "k.o."]
[EventCountry "NET"]
[SourceTitle "playchess.com"]
[Source "ChessBase"]
[SourceQuality "1"]
[TimeControl "900+3"]

1. e4 e5 2. Nf3 Nc6 3. Bc4 Bc5 4. Nc3 Nf6 5. d3 d6 6. Na4 Bb6 7. Nxb6 axb6 8. a4 {[%emt 0:00:01] C50: Hungarian Defence and Giuoco Pianissimo.} O-O 9. O-O h6 10. h3 {[%emt 0:00:03] The position is equal.} Re8 11. Re1 Be6 12. Bb5 Bd7 {[%emt 0:00:06] [#]} 13. Be3 $146 ({Predecessor:} 13. Bd2 Ne7 14. Nh4 Bxb5 15. axb5 Qd7 16. c4 c6 17. bxc6 bxc6 18. Qf3 Kh7 19. b4 d5 20. Rxa8 Rxa8 21. exd5 cxd5 22. Rxe5 {1-0 Salati,P (2235)-Packroff,H (2200) EU-ch 2015 pr08 email}) 13... Ne7 14. c3 Ng6 15. Nd2 (15. Bxd7 $11 Nxd7 16. Qc2) 15... d5 $15 {[%emt 0:00:11] Strongly threatening ...Bxb5.} 16. Bxd7 Qxd7 17. f3 Nh5 18. d4 Nhf4 19. Qc2 {[%emt 0:00:50] Prevents Nd3} Re6 {[%emt 0:03:06] Black is more active.} (19... c5 $17 {White must now prevent ...exd4.} 20. Bxf4 (20. dxc5 d4 $15) 20... Nxf4) 20. Nf1 Rae8 (20... Nh4 $17 21. Bxf4 exf4) 21. Qd2 {[%emt 0:01:37] [#]} Nxh3+ $1 22. gxh3 Nh4 (22... Rf6 $1 $15 23. Bf2 exd4 24. exd5 (24. cxd4 Rxf3 25. exd5 Rxe1 $15) (24. Qxd4 $2 Qxh3 25. Bg3 Rxf3 $17) (24. Bxd4 $2 Nh4 $19) 24... Re5) 23. Qf2 $11 (23. Nh2 $2 Rg6+ 24. Kh1 Qxh3 $19) 23... Rg6+ {[%emt 0:00:02][%mdl 64] Discovered Attack} 24. Kh2 Rg2+ 25. Qxg2 $1 Nxg2 26. Kxg2 exd4 27. Bxd4 dxe4 28. fxe4 c5 29. Bf2 Qc6 30. Ng3 f5 31. Be3 (31. Nxf5 $11 Rxe4 32. Kh2) 31... Rxe4 $2 (31... Rf8 $1 $17 {stays on course. Threatens to win with ...f4.} 32. Rf1 g5) 32. Nxe4 $18 Qxe4+ {[%emt 0:00:00] [#]} 33. Kg3 $1 Qc2 34. a5 $2 (34. Rad1 $18) 34... g5 $2 (34... Qxb2 $11 {and Black has nothing to worry.} 35. axb6 Qxc3) 35. Bf2 (35. axb6 f4+ 36. Bxf4 gxf4+ 37. Kxf4 Qxb2 $11) 35... Qxb2 36. axb6 Qxb6 (36... Kf7 $142 37. Rad1 (37. Bxc5 $2 Qxc3+ 38. Be3 f4+ {[%mdl 64] Pin, Double Attack} 39. Kf3 fxe3 $19) 37... Qxc3+ 38. Kg2 Qf6 39. Rd7+ (39. Bxc5 $2 Qc6+ 40. Kf1 Qxc5 $19) 39... Kg6) 37. Rad1 {[%emt 0:00:13] aiming for Rd7.} Qc7+ 38. Kg2 Qc6+ 39. Kg1 Kf7 {[%emt 0:00:04] Repels Re7+} 40. Re5 f4 41. Rxc5 (41. Bxc5 Qf3 42. Rd7+ Kg6 43. Rd6+ Kh5 $11) 41... Qf3 {[%emt 0:00:02] [#]} 42. Rd6 (42. Rd7+ $1 $18 Ke6 43. Rh7 Qxh3 44. Rxg5 {[%mdl 64] Pin} (44. Rxb7 $2 f3 $19)) 42... Qxh3 $11 43. Rc7+ Ke8 {[%emt 0:00:02] ( -> ...f3). The board is on fire.} 44. Rh7 $2 (44. Rxb7 $2 {perishes.} f3 $19) (44. Bc5 $11 Qxc3 45. Rxh6 (45. Rc8+ Kf7 $11) 45... Qg3+ 46. Kh1 (46. Kf1 Qd3+ 47. Kg2 Qg3+ 48. Kh1 Qe1+ 49. Bg1 Qe4+ 50. Kh2 Qe2+ 51. Kh1 Qf3+ 52. Kh2 Qg3+ 53. Kh1 Qf3+ 54. Kh2 Qg3+ 55. Kh1 Qf3+ $11) 46... Qe1+ 47. Bg1 Qe4+ 48. Kh2 Qe2+ 49. Kh3 g4+ 50. Kh4 Qe1+ 51. Kh5 (51. Kxg4 Qxg1+ 52. Kf5 Qb1+ 53. Kg5 Qb5+ 54. Kh4 Qb2 $11) 51... Qe5+ 52. Kxg4 Qxc7 53. Rh8+ Ke7 54. Rh7+ Kd8 55. Rxc7 Kxc7 56. Kxf4) 44... f3 {[%emt 0:00:02] Weighted Error Value: White=0.51/Black=0.34} 0-1

[Event "ChessKid Cup Div-III 2023"]
[Site "Online"]
[Date "2023.05.23"]
[Round "52.2"]
[White "Santos Ruiz, Miguel"]
[Black "Gledura, Benjamin"]
[Result "1/2-1/2"]
[ECO "B07"]
[WhiteElo "2590"]
[BlackElo "2644"]
[Annotator "TA"]
[PlyCount "181"]
[EventDate "2023.05.21"]
[EventType "k.o."]
[EventCountry "NET"]
[SourceTitle "playchess.com"]
[Source "ChessBase"]
[SourceQuality "1"]
[TimeControl "900+3"]

1. e4 d6 2. d4 g6 3. Be3 Bg7 4. f3 Nf6 5. Qd2 O-O {[%emt 0:00:09][%cal Oc7c5] [#]} 6. Na3 $146 {[%emt 0:00:04] B07: Pirc Defence: Miscellaneous Systems.} ({Predecessor:} 6. Ne2 c5 7. c3 Nc6 8. Na3 cxd4 9. cxd4 Re8 10. Nc2 e5 11. d5 Nd4 12. Ncxd4 exd4 13. Bxd4 Nxe4 14. fxe4 {1-0 Yeletsky,I (2494)-Bortnyk,O (2605) Titled Tuesday intern op 28th Feb Early blitz 2023 (9)}) 6... c5 7. Ne2 cxd4 8. Nxd4 Nc6 9. O-O-O d5 10. exd5 Nxd4 (10... Nxd5 $11 11. Bf2 Nb6) 11. Bxd4 $16 ({Much worse is} 11. Qxd4 $6 Ng4 12. Qd2 Nxe3 13. Qxe3 a6 $11) 11... Qxd5 12. Bc4 Qc6 13. Rhe1 e6 14. Qf4 (14. Qg5 $16 h6 15. Qh4) 14... Nh5 $14 15. Qe3 a6 16. g4 Nf6 17. Qf4 Ne8 18. Bd3 Qc7 {[%emt 0:00:32] Prevents Nc4} (18... Bxd4 $14 19. Qxd4 Qxf3) 19. Qxc7 $16 Nxc7 20. Bc5 Re8 21. Nc4 Bf8 {[%emt 0:00:09] Black is weak on the dark squares} (21... b5 $142) 22. Bxf8 ({Better is} 22. Bf2 $1) 22... Kxf8 23. Nb6 Rb8 24. g5 {[%emt 0:00:48] White is much more active. The black rooks are badly placed.} Nd5 25. Nxd5 exd5 26. Kd2 Be6 27. f4 Ke7 28. Re5 Kd6 29. Rde1 h6 30. gxh6 {[%emt 0:00:12] And now h7 would win.} (30. h4 $5) 30... Rh8 {[%emt 0:00:02] [#]} 31. Bxg6 $1 {[%emt 0:00:19][%cal Oh6h7][%mdl 64] h7! would be deadly. Deflection} Rxh6 32. f5 ({Don't play} 32. Bh5 Rbh8 33. Bd1 Rxh2+ 34. R5e2 Bg4 35. Rxh2 Rxh2+ 36. Kd3 Rh3+ 37. Kd2 Bxd1 38. Rxd1 Rf3 $15) 32... Rxh2+ 33. Kc1 Rc8 34. c3 Rf2 (34... Rf8 $11 {was preferrable.} 35. fxe6 fxg6) 35. fxe6 $14 fxg6 {[%emt 0:00:01][%mdl 4096] Endgame KRR-KRR} 36. e7 Re8 37. Re6+ $1 Kd7 38. Rb6 Kc7 (38... Rxe7 $2 39. Rxb7+ Kd6 40. Rbxe7 $18) 39. Rxg6 Rf7 40. Re5 Rexe7 41. Rxd5 Rf2 {[%emt 0:00:05] Repels Rg2} 42. Rd2 Ree2 43. Rgd6 Rxd2 44. Rxd2 {[%emt 0:00:01] KR-KR} Rf5 45. Kc2 Rf6 46. Re2 Kc6 47. Re5 Rh6 48. a4 Rf6 49. a5 Rh6 50. b4 Rh4 51. Kb3 Rg4 52. Rc5+ Kd6 53. Rc4 Rg5 54. Rc8 Rg4 55. Rc4 Rg5 56. Rf4 Rg6 57. Ka4 Rg1 58. Rf7 Kc6 59. Rf6+ Kc7 60. Kb3 Rg4 61. Rf3 Rh4 62. c4 Rg4 63. Kc3 Rh4 64. Kd3 Rg4 65. Rf7+ Kc6 66. Re7 Rg1 67. Re6+ Kd7 68. Rh6 Rg4 69. Rh7+ Kc6 70. Rh6+ (70. Rh1 $16) 70... Kc7 (70... Kd7 $11) 71. Re6 $16 Rh4 72. Re4 Rh6 73. Rg4 Rd6+ 74. Kc3 Rh6 75. b5 (75. Rg7+ $16 Kc6 76. Rg4) 75... axb5 (75... b6 $1 $11 {keeps the balance.}) 76. cxb5 Rh1 77. Rg7+ Kc8 78. Kb4 Rh5 79. Kc4 {[%emt 0:00:03] aiming for Rg8+.} Rf5 $2 (79... Rh6 $16 80. b6 Rh4+ 81. Kd5 Rh5+ 82. Kd6 Rh8) 80. Rh7 $2 (80. Rg8+ $1 $18 {and the rest is easy.} Kc7 81. b6+ Kc6 82. Rc8+ Kd7 83. Rc7+ Kd6 84. Rxb7 Rxa5 85. Rc7) 80... Rg5 $2 {[%emt 0:00:02][%mdl 8192] [#]} (80... Rf8 $16 81. Kc5 (81. a6 bxa6 82. bxa6 Kb8 $11) 81... Kb8) 81. Kb4 $2 (81. Rh8+ $1 $18 {is the precise move to win.} Kc7 82. b6+ Kc6 83. Rc8+ Kd7 84. Rc7+ Kd6 85. Rxb7 Rxa5 86. Rc7) 81... Rf5 82. b6 Rf8 83. Kc5 Rd8 84. Rg7 Kb8 85. Rg6 Rc8+ 86. Kd5 Rd8+ 87. Rd6 (87. Kc4 $16) 87... Rxd6+ (87... Kc8 $11 {remains equal.}) 88. Kxd6 Ka8 {[%emt 0:00:02] [#]} 89. a6 Kb8 $11 90. a7+ Ka8 91. Ke5 {[%emt 0:00:00] Weighted Error Value: White=0.08 (flawless) /Black=0.09 (flawless)} 1/2-1/2

[Event "ChessKid Cup Div-III 2023"]
[Site "Online"]
[Date "2023.05.23"]
[Round "52.2"]
[White "Terry, Renato"]
[Black "Kamsky, Gata"]
[Result "1/2-1/2"]
[ECO "D03"]
[WhiteElo "2520"]
[BlackElo "2665"]
[Annotator "TA"]
[PlyCount "161"]
[EventDate "2023.05.21"]
[EventType "k.o."]
[EventCountry "NET"]
[SourceTitle "playchess.com"]
[Source "ChessBase"]
[SourceQuality "1"]
[TimeControl "900+3"]

1. d4 Nf6 2. Bg5 d5 3. e3 e6 4. Bd3 c5 5. c3 Be7 6. Nd2 Nbd7 7. Ngf3 Qc7 8. Qe2 {[%emt 0:00:38] D03: 1 d4 d5 2 Nf3 Nf6 3 Bg5, including Torre Attack with early ...d5.} b6 9. O-O Bb7 10. Rac1 {[%emt 0:00:02] [#] White has an edge.} c4 $146 ({Predecessor:} 10... O-O 11. e4 dxe4 12. Nxe4 h6 13. Bh4 Nxe4 14. Bxe7 Rfe8 15. Bxe4 Rxe7 16. Rfd1 Bxe4 17. Qxe4 {½-½ Biolek,R (2449)-Kuchynka,L (2310) CZE-chT 1213 2012 (9.6)}) 11. Bb1 O-O 12. Rfe1 Rfe8 13. e4 dxe4 14. Nxe4 Nxe4 15. Bxe4 Bxe4 16. Qxe4 Bxg5 17. Nxg5 Nf6 18. Qh4 Rad8 19. Re5 h6 20. Nf3 Rd5 21. Rce1 b5 22. g4 Rxe5 23. Rxe5 Nd7 24. Re3 (24. Rxb5 $2 Qc6 25. Ra5 Qxf3 $19) 24... Qf4 25. Qg3 $1 Qxg3+ 26. hxg3 $11 {[%emt 0:00:00][%mdl 4096] Endgame KRN-KRN} Nf6 27. g5 Nd5 28. Re2 hxg5 29. Nxg5 Rb8 30. a3 a5 31. Ne4 b4 32. axb4 axb4 33. Rc2 b3 34. Re2 Ra8 35. Nd6 (35. Nd2 $15) 35... Ra4 36. f4 (36. Kf1 $17 {is a better defense.}) 36... g6 (36... Nxc3 $1 $19 37. bxc3 Ra2) 37. Kf2 $17 Kf8 $1 38. Kf3 (38. f5 $17 {keeps fighting.} gxf5 39. Kf3) 38... Ke7 $19 39. Ne4 Ra2 40. g4 Ra1 41. f5 gxf5 ({Much worse is} 41... exf5 42. gxf5 Rf1+ 43. Kg3 $11 (43. Kg2 Rxf5 44. Ng3+ Kd7 $11)) (41... Rf1+ $1 $15 42. Kg3 gxf5 43. gxf5 Rxf5) 42. gxf5 $11 Rf1+ 43. Nf2 Rc1 {[%emt 0:00:17][%cal Od5c3] And now ...Nxc3! would win.} 44. fxe6 $2 {[%emt 0:00:02][%mdl 8192] [#]} (44. Ne4 $11 {and White stays safe.}) 44... fxe6 $2 (44... Nxc3 $1 $19 45. Re5 (45. bxc3 $2 {loses.} Rxc3+ 46. Kf4 Rc2 $19) 45... fxe6) 45. Ne4 Rc2 {[%emt 0:00:06][%cal Od5f4] Threatens to win with ...Nf4!} 46. Rf2 e5 47. dxe5 Ke6 48. Nd6 {[%emt 0:00:04] [#]} ({Better is} 48. Rg2 $11) 48... Nxc3 49. Nxc4 {[%emt 0:00:01] [#] The position is equal.} Ne4 $1 {[%emt 0:00:20][%mdl 64] Discovered Attack, Deflection} 50. Kxe4 {[%emt 0:00:06] aiming for Rf6+.} Rxf2 {[%emt 0:00:02] KR-KN} 51. Kd4 Rc2 52. Kd3 Rh2 53. Na5 Rxb2 (53... Kxe5 {simplifies} 54. Kc4 Rh4+ 55. Kxb3 Kd5) 54. Kc3 Rh2 55. Nxb3 Kxe5 56. Nd2 Kd5 57. Kd3 Rh3+ 58. Ke2 Ra3 59. Nf3 Ke4 60. Nd2+ Kf4 61. Nc4 Rc3 62. Nd2 Re3+ 63. Kf2 Re8 64. Nf3 Rh8 65. Ke2 Re8+ 66. Kf2 Ra8 {[%emt 0:00:01] ( -> ...Ra2+)} 67. Ke2 $1 Ra3 68. Nd2 Rh3 69. Nc4 Rb3 70. Nd2 Rc3 71. Nb1 Re3+ 72. Kd2 Rh3 73. Nc3 Ke5 74. Ne2 Ke4 75. Nc3+ $1 Kd4 76. Ne2+ Kc4 77. Nf4 Rg3 78. Ne2 Rd3+ 79. Ke1 Ra3 80. Kd2 Rf3 81. Ng1 {[%emt 0:00:02] Weighted Error Value: White=0.22 (precise) /Black=0.16 (very precise)} 1/2-1/2

[Event "ChessKid Cup Div-III 2023"]
[Site "Online"]
[Date "2023.05.23"]
[Round "52.2"]
[White "Raja Harshit"]
[Black "Tari, Aryan"]
[Result "1/2-1/2"]
[ECO "B11"]
[WhiteElo "2515"]
[BlackElo "2642"]
[Annotator "TA"]
[PlyCount "44"]
[EventDate "2023.05.21"]
[EventType "k.o."]
[EventCountry "NET"]
[SourceTitle "playchess.com"]
[Source "ChessBase"]
[SourceQuality "1"]
[TimeControl "900+3"]

1. e4 c6 2. Nf3 d5 3. Nc3 Qa5 4. d3 Bg4 5. Bd2 {[%emt 0:00:14] [#]} Bxf3 $146 ({Predecessor:} 5... Qb6 6. b3 Nf6 7. Be3 Qb4 8. Bd2 Qb6 9. Be3 Qc7 10. Be2 g6 11. O-O Bg7 {0-1 Cunningham,D-Gumminger,F IECC M email 2000}) 6. Qxf3 {[%emt 0:00:04][%cal Rc3d5] B11: Caro-Kann: Two Knights Variation.} d4 7. Nd1 Qc7 8. Qg3 {[%emt 0:00:10] White is slightly better.} e5 9. Be2 Ne7 10. c3 {[%emt 0:02:24] aiming for cxd4.} dxc3 11. Nxc3 Ng6 12. Rc1 Nd7 13. d4 Qd8 {[%emt 0:01:53] Black is weak on the light squares} (13... Rd8 $142) 14. dxe5 $16 {[%emt 0:00:37] White is more active.} Ndxe5 15. Rd1 Be7 (15... Qh4 $16 16. Qxh4 Nxh4) 16. O-O {[%emt 0:00:15][%cal Od2h6] Black must now prevent Bh6!} Qb6 (16... O-O $16 17. f4 Nd7) 17. Be3 $18 Qxb2 {[%emt 0:00:24] [#]} 18. Bd4 {[%emt 0:00:02] A strong pair of Bishops.} Bh4 19. Qh3 {[%emt 0:02:20][%cal Oc3b5] Nb5! is the strong threat.} Rd8 $2 (19... Qb4 20. f4 Bf6) 20. Bxe5 {[%emt 0:00:24][%mdl 64] Deflection} ({Not} 20. Bxa7 O-O $14) 20... Nxe5 21. Qxh4 Rxd1 22. Rxd1 {[%emt 0:00:01][%csl Gh4][%cal Rd1d8] [#]} O-O {[%emt 0:00:04][%mdl 32768] Weighted Error Value: White=0.08 (flawless) /Black=0.42. An unexpected result.} 1/2-1/2

[Event "ChessKid Cup Div-III 2023"]
[Site "Online"]
[Date "2023.05.23"]
[Round "52.3"]
[White "Bluebaum, Matthias"]
[Black "Keymer, Vincent"]
[Result "1-0"]
[ECO "E20"]
[WhiteElo "2669"]
[BlackElo "2700"]
[Annotator "TA"]
[PlyCount "311"]
[EventDate "2023.05.21"]
[EventType "k.o."]
[EventCountry "NET"]
[SourceTitle "playchess.com"]
[Source "ChessBase"]
[SourceQuality "1"]
[TimeControl "900+3"]

1. d4 Nf6 2. c4 e6 3. Nc3 Bb4 4. g3 Bxc3+ 5. bxc3 Nc6 6. Bg2 d6 7. Nf3 O-O 8. Qd3 Rb8 9. Nd2 Qd7 10. Nb3 b6 11. Bg5 Ne8 12. O-O Bb7 13. Rfd1 h6 14. Bf4 Qe7 15. d5 Ne5 16. Bxe5 dxe5 17. Qe3 Nd6 18. Nd2 Rbe8 19. c5 Nf5 20. Qxe5 Qxc5 21. Nb3 Qd6 22. Qxd6 Nxd6 23. dxe6 Bxg2 24. Kxg2 Rxe6 25. Nd4 Re5 26. a4 a5 27. Rd3 Rfe8 28. e3 Kf8 29. Rb1 Rc5 30. Ra1 g6 31. Nb3 Rc4 32. Nd2 Rc5 33. Rc1 Ne4 34. Nb3 Rc4 35. Rd4 Rxc3 36. Rxc3 Nxc3 37. Rc4 Nd5 38. e4 Nb4 39. Rxc7 Rxe4 40. Nd2 Re6 41. Rb7 Nd3 42. Nc4 Nc5 43. Rb8+ Kg7 44. Nxb6 Re4 45. Rc8 Nxa4 46. Nc4 Re7 47. Ra8 Nc5 48. Rxa5 Ne4 49. Ne3 Nf6 50. h3 h5 51. Ra6 Rd7 52. Nc4 Re7 53. Ra8 Re6 54. Rd8 Re4 55. Ne3 Re6 56. Kf3 Re7 57. Rd4 Re6 58. Rc4 Re7 59. Rb4 Re6 60. Ra4 Re7 61. Ra6 Re8 62. Ra7 Re6 63. Rb7 Re8 64. Rb5 Re6 65. Rb1 Re8 66. Rb2 Re6 67. Rb3 Re8 68. Rb6 Re7 69. Rb1 Re6 70. g4 hxg4+ 71. hxg4 Ne4 72. Rd1 Ng5+ 73. Kg2 Ne4 74. Rd4 Nf6 75. Ra4 Re4 76. Ra7 Nxg4 77. Kf3 Nf6 78. Ra6 Re6 (78... Re7 $15 {should be considered.}) 79. Ra7 (79. Rxe6 $11 fxe6 80. Kf4) 79... Nh7 80. Kg3 Nf6 (80... Ng5 $15) 81. Ra4 (81. Kf3 $11) 81... Ne4+ 82. Kg2 Nf6 ({Black should play} 82... Re5 $15) 83. Ra3 (83. Kg3 $1 $11) 83... Ne4 (83... Rb6 $15) 84. Ra2 (84. Ra4 $1 $11) 84... g5 85. Ra8 Nf6 86. Nf5+ Kg6 87. Nd4 Re4 88. Nf3 Rg4+ 89. Kf1 Rf4 90. Ne5+ Kg7 91. Ra7 Ng4 92. Nd3 Rf5 93. Kg2 Ne5 94. Ra5 f6 95. Ra7+ Kg6 96. Nc5 $2 (96. Nxe5+ $11 Rxe5 97. Ra6) 96... Ng4 $2 ({Better is} 96... Nc6 $19 97. Rc7 Rxc5) 97. Ne4 Rf4 98. Re7 f5 (98... Ne5 $17 99. Nc3 Rg4+ 100. Kf1 Rc4) 99. Re6+ $11 Kg7 100. Nxg5 Rxf2+ 101. Kg3 Ra2 102. Rb6 Ra4 103. Ne6+ Kf6 $2 (103... Kf7 $11) 104. Nf4+ $2 (104. Nc5+ $18 Kg5 105. Nxa4) 104... Kf7 105. Nd5 Rd4 106. Rb7+ Kg6 107. Nf4+ Kf6 108. Rb6+ Kf7 109. Ra6 Nf6 110. Kf3 Ne4 111. Ne2 Rd2 112. Ke3 Rb2 113. Nd4 Nc5 114. Rc6 Nd7 115. Rd6 Ke7 116. Ra6 f4+ 117. Kf3 Ne5+ 118. Ke4 Nd7 119. Nf5+ Kf7 120. Nd6+ Ke7 121. Nf5+ Kf7 122. Ra7 Ke6 123. Nd4+ Ke7 124. Nf3 Rb4+ 125. Kf5 Kd6 126. Ra6+ Kd5 127. Ra1 Nc5 128. Rd1+ Kc6 129. Ne5+ Kb5 130. Rd8 f3 131. Nxf3 Ra4 132. Ne5 Ra7 133. Rd1 Rb7 134. Nf3 Rf7+ 135. Kg4 $1 Rg7+ 136. Kf4 Rf7+ 137. Ke3 Re7+ 138. Kf2 Ne4+ 139. Kg2 Rg7+ 140. Kf1 Rf7 141. Kg2 Rg7+ 142. Kh2 Rh7+ 143. Kg1 Rg7+ 144. Kf1 Rf7 145. Rb1+ Kc4 146. Rc1+ Kd3 147. Kg2 Rg7+ 148. Kh3 (148. Kh2 $11) 148... Rh7+ (148... Rg3+ $1 $15 149. Kh4 Rxf3) 149. Kg4 $11 Rg7+ 150. Kh5 Ke3 151. Ne5 (151. Kh6 $11) 151... Kf4 (151... Rg5+ $1 $15 152. Kh6 Rxe5) 152. Ng6+ $11 Kf5 153. Rf1+ Ke6 154. Kh6 Rg8 155. Re1 Kf5 $2 (155... Kf6 $11) 156. Ne7+ 1-0

[Event "ChessKid Cup Div-III 2023"]
[Site "Online"]
[Date "2023.05.23"]
[Round "52.3"]
[White "Gledura, Benjamin"]
[Black "Santos Ruiz, Miguel"]
[Result "0-1"]
[ECO "D33"]
[WhiteElo "2644"]
[BlackElo "2590"]
[Annotator "TA"]
[PlyCount "84"]
[EventDate "2023.05.21"]
[EventType "k.o."]
[EventCountry "NET"]
[SourceTitle "playchess.com"]
[Source "ChessBase"]
[SourceQuality "1"]
[TimeControl "900+3"]

1. c4 e6 2. g3 d5 3. Bg2 Nf6 4. Nf3 Be7 5. b3 O-O 6. Bb2 c5 7. cxd5 exd5 8. d4 Nc6 9. O-O Be6 10. Nc3 h6 11. dxc5 Bxc5 12. Rc1 {[%emt 0:00:05] D33: Tarrasch Defence: 6 g3 sidelines.} Be7 13. e3 Rc8 {[%emt 0:00:04] [#]} 14. Ne2 $146 {[%emt 0:00:12] White is slightly better.} ({Predecessor:} 14. Qd3 Qd7 15. Rfd1 Rfd8 16. Qf1 Qc7 17. h3 Qb8 18. Ne2 Ne4 19. Nf4 Bf6 20. Bxf6 Nxf6 {1-0 Vavra,P (2155)-Ruzicka,R (1706) Tabor op 2007 (1)}) 14... Qa5 15. a3 Qb6 (15... Bxa3 $2 16. Ra1 $18) (15... Ne4 $14) 16. Nf4 $16 Rfd8 (16... Qd8 $16) 17. Nxe6 $18 fxe6 {[%emt 0:00:03] [#]} 18. Bh3 $1 Kf7 19. b4 a5 20. Bd4 (20. Nh4 $18) 20... Qb5 (20... Nxd4 $16 21. Qxd4 Qa6) 21. a4 (21. bxa5 $18 {Threatens to win with Bb6.} Qxa5 22. Rxc6 {[%mdl 64] Remove Defender, Decoy} Rxc6 23. Ne5+ Kg8 24. Nxc6 bxc6 25. Bxe6+ Kh8 26. Qc2) 21... Qxb4 $16 22. Rb1 Qd6 23. Rxb7 Rb8 24. Rb5 e5 $2 (24... Ne4 $16) 25. Bb6 $18 Re8 26. e4 (26. Bxa5 $2 Rxb5 $19) 26... Nb4 27. Bc5 {[%emt 0:00:11] This pair of bishops is nice.} (27. Bxa5 Rxb5 28. axb5 dxe4 $18) 27... Qc7 28. Bxb4 Bxb4 29. Rxb8 Rxb8 30. exd5 g6 31. Be6+ Kg7 32. Qe2 (32. Qa1 $18 {Hoping for Rc1.} Ne4 33. Rc1 (33. Qxe5+ Qxe5 34. Nxe5 Nc5 $16) (33. Nxe5 $2 Bc3 $19)) 32... Bd6 $16 {[%emt 0:00:26] [#]} 33. Re1 (33. Qe3 $1 $16) 33... e4 $2 (33... Rb4 $11 {and Black is okay.}) 34. Nd4 $18 Bc5 (34... Qc5 {keeps fighting.}) 35. Rc1 Qb6 36. Nb5 Rd8 37. Qc2 (37. Qb2 $142) 37... Bb4 $2 (37... Nxd5 38. Qxc5 (38. Qxe4 Bxf2+ 39. Kg2 Nf6 $11) 38... Qxe6) 38. Qb3 e3 39. Rc7+ $4 {[%emt 0:00:29][%mdl 8192] [#]} ({Much less strong is} 39. fxe3 Bd2 40. Rc7+ Kh8 $18) ({Weaker is} 39. Qxe3 Qxe3 40. fxe3 Ne4 41. Rc7+ Kh8 $18) (39. Kf1 $18 {and life is good for White.} Rf8 40. f4 (40. fxe3 $2 {loses.} Nxd5+ {[%mdl 64] Discovered Attack} 41. Kg1 Nxe3 $19) (40. Qxe3 Qxe3 41. fxe3 Nxd5+ 42. Ke2 Ne7 $16)) 39... Qxc7 $19 {[%emt 0:00:04][%mdl 576] Promotion} 40. Qxe3 (40. Nxc7 e2) 40... Qc2 {[%emt 0:00:08] Strongly threatening ...Bc5.} 41. Qa7+ Kh8 {[%emt 0:00:17] ( -> ...Bc5)} 42. h4 Bc5 {[%emt 0:00:06] Dodges Nd4. Black used his chance. An entertaining game by Santos Ruiz.   Weighted Error Value: White=0.72/Black=0.53} 0-1